 Dungeon Crawl Stone Soup version 0.30-a0-242-g7bf8e6d787 (webtiles) character file.

Game seed: 18275449299104744373

203 Sobieck the Trooper (level 5, 0/53 HPs)
             Began as an Ogre Hexslinger on Oct 11, 2022.
             Succumbed to a scorpion's poison
             ... on level 4 of the Dungeon.
             The game lasted 00:04:59 (3271 turns).

Sobieck the Trooper (Ogre Hexslinger)               Turns: 3271, Time: 00:05:00

Health: 0/53       AC:  3    Str: 16    XL:     5   Next: 81%
Magic:  6/6        EV:  9    Int: 14    God:
Gold:   215        SH:  5    Dex:  7    Spells: 5/6 levels left

rFire   . . .      SeeInvis .    a - +1 sling
rCold   . . .      Faith    .    (no shield)
rNeg    . . .      Spirit   .    c - +0 robe
rPois   .          Reflect  +    (helmet restricted)
rElec   .          Harm     .    (no cloak)
rCorr   .          Rampage  .    (gloves unavailable)
Will    .....                    (boots unavailable)
Stlth   +.........               l - amulet of reflection
HPRegen 0.28/turn                (no ring)
MPRegen 0.10/turn                (no ring)

@: lethally poisoned (0 -> -15), flying
A: large, unfitting armour, tough skin 1, horns 1, clumsy 1, frail 1
a: no special abilities


You were on level 4 of the Dungeon.
You visited 1 branch of the dungeon, and saw 4 of its levels.

You collected 215 gold pieces.


Innate Abilities, Weirdness & Mutations

You are too large for most types of armour.
You have tough skin. (AC +1)
You have a pair of small horns on your head.
You are clumsy. (Dex -2)
You are frail. (-10% HP)


   Skills:
 - Level 6.0 Fighting
 + Level 2.6 Maces & Flails
 - Level 1.3 Ranged Weapons
 - Level 1.7 Dodging
 - Level 1.2 Spellcasting
 - Level 2.6 Hexes


You had 5 spell levels left.
You knew the following spells:

 Your Spells              Type           Power      Damage    Failure   Level
a - Slow                  Hex            32%        N/A       9%          1

Your spell library contained the following spells:

 Spells                   Type           Power      Damage    Failure   Level
 Ensorcelled Hibernation  Hex/Ice        8%         N/A       22%         2
 Passwall                 Tmut/Erth      0%         N/A       36%         2
 Sublimation of Blood     Necr           0%         N/A       36%         2
 Wereblood                Tmut           0%         N/A       36%         2
 Inner Flame              Hex/Fire       4%         N/A       41%         3
 Portal Projectile        Hex/Tloc       8%         N/A       41%         3
 Swiftness                Air            0%         N/A       61%         3
 Cause Fear               Hex            4%         N/A       65%         4
 Summon Hydra             Summ           0%         N/A       100%        7

Inventory:

Hand Weapons
 a - a +1 sling (weapon)
 w - a +0 club {mace}
   (You took it off a goblin on level 3 of the Dungeon)
Missiles
 h - 15 stones {throwing}
 i - 4 atropa-tipped darts {throwing}
 A - 2 boomerangs {throwing}
Armour
 c - a +0 robe (worn)
 g - a +0 robe
   (You found it on level 1 of the Dungeon)
 k - a +0 robe
   (You found it on level 1 of the Dungeon)
 m - a +0 robe
   (You found it on level 1 of the Dungeon)
 n - a +0 robe
   (You found it on level 2 of the Dungeon)
 y - a scarf of harm
   (You found it on level 4 of the Dungeon)
Magical Staves
 r - a staff of fire {!astaff}
   (You found it on level 3 of the Dungeon)
Jewellery
 l - an amulet of reflection (around neck)
   (You found it on level 1 of the Dungeon)
Wands
 z - a wand of paralysis (3)
   (You found it on level 4 of the Dungeon)
Scrolls
 b - 3 scrolls of poison {!r}
 d - a scroll of identify {unknown}
 f - 2 scrolls of magic mapping {unknown}
 j - a scroll of fear {unknown}
 s - a scroll of enchant weapon {unknown}
 v - a scroll of teleportation {unknown}
 x - a scroll of noise {unknown}
Potions
 o - a potion of curing {unknown}
 p - a potion of brilliance {unknown}
 q - a potion of lignification {!q}
 u - a potion of mutation {!q}

Dungeon Overview and Level Annotations

Branches:
Dungeon (4/15) Zot: 20629
 Temple: D:4-7

Altars:
Nemelex Xobeh
Sif Muna
Yredelemnul

...............#........
..†.................##..
.........)......##.##
.#..###........##..#
.##.............#.##
.##.............#?#
................#># .
..<...#.....<.....##....
.....##.........@s......
................###.....
.....##....../... ##..
#..... ..........
.....<...# .........#
...###...# .# ...


You could see a scorpion.


Message History

No target in view!
No target in view!
y - a scarf of harm Unknown command.
z - a wand of paralysis (3) Unknown command.
A - 2 boomerangs {throwing}
Found a stone staircase leading up.
Unknown command.
Found a stone staircase leading down.
Unknown command.
A scorpion comes into view.
You see here a staff of earth {!astaff}.
Danger!
You shoot a sling bullet. The sling bullet hits the scorpion.
You shoot a sling bullet. The sling bullet hits the scorpion.
You shoot a sling bullet.
The sling bullet hits the scorpion but does no damage.
You shoot a sling bullet.
The sling bullet hits the scorpion but does no damage.
The scorpion stings you. x2
You shoot a sling bullet.
The sling bullet hits the scorpion but does no damage.
You block the scorpion's attack.
You shoot a sling bullet.
The sling bullet closely misses the scorpion.
The scorpion closely misses you. The scorpion barely misses you.
You shoot a sling bullet.
The sling bullet hits the scorpion but does no damage.
The scorpion stings you.
You shoot a sling bullet.
The sling bullet hits the scorpion but does no damage.
The scorpion barely misses you. The scorpion stings you.
You are poisoned.
The scorpion poisons you!
You shoot a sling bullet.
The sling bullet closely misses the scorpion.
You feel very sick. The scorpion barely misses you. The scorpion stings you.
You are too injured to fight recklessly!
Unknown command.
Fire: a) +1 sling
Press: ? - help, Q - select action, (/) - cycle Shift-Dir - straight line, f/p - scorpion
Aim: a scorpion (moderately wounded, 56% to hit)
You shoot a sling bullet. The sling bullet hits the scorpion.
You feel sick. The scorpion stings you.
You are more poisoned.
The scorpion poisons you!
Unknown command.
Fire: a) +1 sling
Press: ? - help, Q - select action, (/) - cycle Shift-Dir - straight line, f/p - scorpion
Aim: a scorpion (heavily wounded, 56% to hit)
You shoot a sling bullet.
The sling bullet closely misses the scorpion.
You feel extremely sick. You block the scorpion's attack.
The scorpion barely misses you.
Fire: a) +1 sling
Press: ? - help, Q - select action, (/) - cycle Shift-Dir - straight line, f/p - scorpion
Aim: a scorpion (heavily wounded, 56% to hit)
You shoot a sling bullet.
The sling bullet hits the scorpion but does no damage.
You feel very sick. The scorpion closely misses you.
The scorpion stings you but does no damage.
Fire: a) +1 sling
Press: ? - help, Q - select action, (/) - cycle Shift-Dir - straight line, f/p - scorpion
Aim: a scorpion (heavily wounded, 56% to hit)
You shoot a sling bullet. The sling bullet hits the scorpion.
You feel very sick. The scorpion stings you.
* * * LOW HITPOINT WARNING * * *
You are lethally poisoned!
The scorpion poisons you!
Unknown command.
It was a potion of lignification.
You turn into a tree.
Your +0 robe melds into your body.
Your roots penetrate the ground.
You feel very sick. You block the scorpion's attack.
Unknown command.
It was a potion of cancellation.
Your magical effects are unravelling.
You feel magically purged.
You feel less wooden.
Your +0 robe unmelds from your body.
* * * LOW HITPOINT WARNING * * *
You feel very sick. The scorpion barely misses you. The scorpion stings you.
* * * LOW HITPOINT WARNING * * *
You are more poisoned.
The scorpion poisons you!
It was a potion of mutation.
You feel extremely strange.
You feel frail.
You feel clumsy. A pair of horns grows on your head!
* * * LOW HITPOINT WARNING * * *
You feel very sick.
The scorpion stings you but does no damage.
Unknown command.
It was a potion of flight.
You feel very buoyant.
You fly up into the air.
You die...

Skill      XL: |  1  2  3  4 |
---------------+-------------+-----
Fighting       | 2 3 5 6 |  6.0
Maces & Flails | 2 |  2.6
Ranged Weapons | |  1.3
Dodging        | |  1.7
Spellcasting   | |  1.2
Hexes          | |  2.6

Action                   |  1- 3 |  4- 6 || total
-------------------------+-------+-------++-------
 Fire: Sling             |   148 |   153 ||   301
 Cast: Slow              |     3 |       ||     3
  Use: Scroll            |       |     1 ||     1
       Potion            |       |     4 ||     4
Armor: Robe              |    27 |    14 ||    41
Dodge: Dodged            |    32 |    38 ||    70
Block: Other             |     4 |    24 ||    28

Levels and vault maps discovered:
D:1:      ebering_trefoil_3fold, layout_basic,
          hellmonk_ecumenical_altar_defaced_shrine, minmay_ruptured
D:2:      layout_loops_ring, basic_altar, roderic_malta_cross
D:3:      layout_loops_ring, lemuel_round_altar, mainiacjoe_overflow_boulevard
D:4:      layout_rooms, serial_shops, nicolae_shop_crystal,
          hangedman_decor_opposing, uniq_natasha

Notes
Turn   | Place    | Note
-------+----------+-------------------------------------------
     0 | D:1      | Sobieck the Ogre Hexslinger began the quest for the Orb.
     0 | D:1      | Reached XP level 1. HP: 19/19 MP: 2/2
    44 | D:1      | Reached skill level 2 in Fighting
   171 | D:1      | Reached XP level 2. HP: 24/29 MP: 3/3
   216 | D:1      | Reached skill level 3 in Fighting
   457 | D:1      | Reached XP level 3. HP: 39/39 MP: 4/4
   462 | D:1      | Reached skill level 4 in Fighting
  1281 | D:1      | Found a faded altar of an unknown god.
  1493 | D:2      | Found a basalt altar of Yredelemnul.
  1573 | D:2      | You pick up a book of Blood and begin reading...
  1573 | D:2      | You add the spells Sublimation of Blood, Wereblood and
                  | Summon Hydra to your library.
  1650 | D:2      | Reached skill level 5 in Fighting
  1650 | D:2      | Reached XP level 4. HP: 50/50 MP: 5/5
  2383 | D:3      | You pick up a book of Burglary and begin reading...
  2383 | D:3      | You add the spells Passwall, Ensorcelled Hibernation and
                  | Swiftness to your library.
  2472 | D:3      | Found a sparkling altar of Nemelex Xobeh.
  2695 | D:3      | Found a shimmering blue altar of Sif Muna.
  2874 | D:3      | Reached skill level 6 in Fighting
  3147 | D:4      | Noticed a black bear
  3157 | D:4      | Killed a black bear
  3158 | D:4      | Reached skill level 2 in Maces & Flails
  3158 | D:4      | Reached XP level 5. HP: 42/59 MP: 6/6
  3269 | D:4      | HP: 12/59 [poisoned by a scorpion]
  3270 | D:4      | Gained mutation: You are frail. (-10% HP) [potion of
                  | mutation]
  3270 | D:4      | Gained mutation: You are clumsy. (Dex -2) [potion of
                  | mutation]
  3270 | D:4      | Gained mutation: You have a pair of small horns on your
                  | head. [potion of mutation]
  3270 | D:4      | HP: 4/53 [poisoned by a scorpion]
  3271 | D:4      | Succumbed to a scorpion's poison

Vanquished Creatures
  A black bear (D:4)
  3 adders
  2 worms (D:2)
  A dart slug (D:1)
  6 bats
  7 endoplasms
  4 giant cockroaches
  7 goblins
  5 hobgoblins
  3 jackals (D:1)
  5 quokkas
  11 ball pythons
  3 frilled lizards (D:1)
  4 kobolds
  9 rats
71 creatures vanquished.

Table legend:
 A = Non-vault XP
 B = Vault XP
 C = Vault XP percentage of total XP
 D = Non-vault monster count
 E = Vault monster count
 F = Vault count percentage of total count
                 A         B        C        D         E       F
            +---------+---------+-------+---------+---------+-------
      Total |     280 |      10 |   3.4 |      66 |       5 |   7.0
            +---------+---------+-------+---------+---------+-------
        D:1 |      62 |      10 |  13.9 |      37 |       5 |  11.9
        D:2 |      39 |       0 |   0.0 |      13 |       0 |   0.0
        D:3 |      44 |       0 |   0.0 |      13 |       0 |   0.0
        D:4 |     135 |       0 |   0.0 |       3 |       0 |   0.0
            +---------+---------+-------+---------+---------+-------

Illustrated notes

Table legend:
 A = Kills in this place as a percentage of kills in entire the game.
 B = Kills by you in this place as a percentage of kills by you in the entire game.
 C = Kills by friends in this place as a percentage of kills by friends in the entire game.
 D = Other kills in this place as a percentage of other kills in the entire game.
 E = Experience gained in this place as a percentage of experience gained in the entire game.
 F = Experience gained in this place divided by the number of levels of this place that you have seen.
                   A       B       C       D       E      F
               +-------+-------+-------+-------+-------+----------------------
         Total | 100.0 | 100.0 |   N/A |   N/A | 100.0 |  72.5
       Dungeon | 100.0 | 100.0 |   N/A |   N/A | 100.0 |  72.5
               +-------+-------+-------+-------+-------+----------------------

Table legend: (Time is in decaauts)
 A = Elapsed time spent in this place.
 B = Non-inter-level travel time spent in this place.
 C = Inter-level travel time spent in this place.
 D = Time resting spent in this place.
 E = Time spent auto-exploring this place.
 F = Levels seen in this place.
 G = Mean time per level.
                   A        B        C        D        E       F      G
               +--------+--------+--------+--------+--------+-----+--------+
         Total |   3370 |   3269 |    101 |     34 |   2703 |   4 |  842.5 |
       Dungeon |   3370 |   3269 |    101 |     34 |   2703 |   4 |  842.5 |
               +--------+--------+--------+--------+--------+-----+--------+

Top non-repeatable levels by time:
     D:1: 1366 daAuts
     D:3: 974 daAuts
     D:2: 853 daAuts
     D:4: 175 daAuts
